 Dungeon Crawl Stone Soup version 0.27.0-1-g7a089689b8 (webtiles) character file.

Game seed: 14597694541910605510

1635942 Arex the Conqueror (level 27, 273/273 HPs)
             Began as a Minotaur Brigand on Aug 11, 2021.
             Was a High Priest of Okawaru.
             Escaped with the Orb
             ... and 3 runes on Aug 12, 2021!
             The game lasted 03:27:52 (84120 turns).

Arex the Conqueror (Minotaur Brigand)              Turns: 84120, Time: 03:27:53

Health: 273/273    AC: 60    Str: 27    XL:     27
Magic:  32/32      EV: 11    Int: 12    God:    Okawaru [*****.]
Gold:   749        SH: 35    Dex: 10    Spells: 26/26 levels left

rFire    + + .     SeeInvis .   d - +9 broad axe (freeze)
rCold    + + +     Faith    .   p - +4 tower shield {AC+3}
rNeg     + . .     Spirit   .   Z - +5 gold dragon scales
rPois    +         Reflect  +   (helmet restricted)
rElec    +         Harm     .   K - +4 cloak of a treasure trove {rC+ rCorr Dex-4}
rCorr    +         Rampage  .   I - +2 pair of gloves {Str+3}
Will     +++..                  f - +2 pair of boots {Stlth+}
Stlth    ..........             o - amulet of Owycaeri {Reflect rElec rN+ Int+4 SH+5}
HPRegen  0.55/turn              i - ring of Intercession {+Blink rF+ rC++ Will+ Str-3}
MPRegen  0.23/turn              b - ring of the Tortoise {AC+8}

@: studying 2 skills
A: horns 2, retaliatory headbutt, beak, iridescent scales 1, shaggy fur 1, no
potion heal 1
0: Orb of Zot
}: 3/15 runes: serpentine, barnacled, silver
a: Renounce Religion, Evoke Blink, Heroism, Finesse


You escaped.
You worshipped Okawaru.
Okawaru was extremely pleased with you.
You visited 9 branches of the dungeon, and saw 49 of its levels.
You also visited: Bailey and Ice Cave.

You collected 9560 gold pieces.
You spent 8811 gold pieces at shops.

Inventory:

Hand Weapons
 d - a +9 broad axe of freezing (weapon)
Missiles
 t - 27 silver boomerangs
 J - 27 silver javelins (quivered)
 O - 40 javelins
 W - 12 throwing nets
Armour
 e - a +1 hat of willpower
 f - a +2 pair of boots of stealth (worn)
 p - a +4 tower shield of protection (worn)
 H - the +1 pair of gloves of Divine Mirth {-Tele rF++ Int+3}
   (You found it on level 3 of the Elven Halls)

   Int:       It affects your intelligence (+3).
   rF:        It greatly protects you from fire.
   -Tele:     It prevents most forms of teleportation.
 I - a +2 pair of gloves of strength (worn)
 K - the +4 cloak of a treasure trove (worn) {rC+ rCorr Dex-4}
   (You found it on level 4 of the Vaults)

   Dex:       It affects your dexterity (-4).
   rC:        It protects you from cold.
   rCorr:     It protects you from acid and corrosion.
 Z - +5 gold dragon scales (worn)
Jewellery
 b - the ring of the Tortoise (right hand) {AC+8}
   (You took it off a deep elf death mage on level 3 of the Elven Halls)

   [ring of protection]

   AC:        It affects your AC (+8).
 c - the ring of Letoipn {rF+ rC+ Dex+4}
   (You bought it in a shop on level 3 of the Depths)

   [ring of protection from cold]

   Dex:       It affects your dexterity (+4).
   rF:        It protects you from fire.
   rC:        It protects you from cold.
 i - the ring of Intercession (left hand) {+Blink rF+ rC++ Will+ Str-3}
   (You took it off a vault guard on level 5 of the Vaults)

   [ring of protection from fire]

   Str:       It affects your strength (-3).
   rF:        It protects you from fire.
   rC:        It greatly protects you from cold.
   +Blink:    It lets you blink.
   Will:      It increases your willpower.
 o - the amulet of Owycaeri (around neck) {Reflect rElec rN+ Int+4 SH+5}
   (You bought it in a shop on level 9 of the Dungeon)

   [amulet of reflection]

   It reflects blocked missile attacks.
   Int:       It affects your intelligence (+4).
   rElec:     It insulates you from electricity.
   rN:        It protects you from negative energy.
   SH:        It affects your SH (+5).
 x - a ring of see invisible
 C - the ring "Xyptiluo" {rElec rC+ Dex+6}
   (You acquired it on level 15 of the Dungeon)

   [ring of dexterity]

   Dex:       It affects your dexterity (+6).
   rC:        It protects you from cold.
   rElec:     It insulates you from electricity.
Wands
 q - a wand of acid (27)
 y - a wand of digging (14)
Scrolls
 g - 10 scrolls of vulnerability
 j - a scroll of holy word
 s - 23 scrolls of teleportation
 u - 5 scrolls of magic mapping
 w - 8 scrolls of fear
 B - 2 scrolls of torment
 G - 2 scrolls of summoning
 Q - 3 scrolls of blinking
 R - 7 scrolls of fog
 Y - 4 scrolls of silence
Potions
 a - 2 potions of cancellation
 h - 28 potions of curing
 l - 15 potions of heal wounds
 n - 7 potions of attraction
 r - 6 potions of lignification
 v - 3 potions of flight
 z - 5 potions of invisibility
 D - 3 potions of resistance
 E - 7 potions of might
 L - 3 potions of mutation
 T - 3 potions of berserk rage
 V - a potion of haste


   Skills:
 O Level 27 Fighting
 - Level 2.7 Short Blades
 - Level 18.0 Axes
 + Level 23.9 Throwing
 + Level 26.9 Armour
 - Level 14.2 Dodging
 - Level 3.2 Stealth
 - Level 25.0 Shields
 - Level 13.9 Invocations
 - Level 3.4 Evocations


You had 26 spell levels left.
You didn't know any spells.
Your spell library contained the following spells:

 Spells                   Type           Power      Damage    Failure   Level
 Animate Skeleton         Necr           0%         N/A       90%         1
 Apportation              Tloc           0%         N/A       90%         1
 Corona                   Hex            0%         N/A       90%         1
 Magic Dart               Conj           0%         1d3       90%         1
 Pain                     Necr           0%         1d4       90%         1
 Sandblast                Erth           0%         2d4       90%         1
 Shock                    Conj/Air       0%         1d3       90%         1
 Summon Small Mammal      Summ           0%         N/A       90%         1
 Call Imp                 Summ           0%         N/A       97%         2
 Passwall                 Tmut/Erth      0%         N/A       97%         2
 Searing Ray              Conj           0%         3d3       97%         2
 Static Discharge         Conj/Air       0%         N/A       97%         2
 Sublimation of Blood     Necr           0%         N/A       97%         2
 Call Canine Familiar     Summ           0%         N/A       99%         3
 Gell's Gravitas          Tloc           0%         N/A       99%         3
 Ignite Poison            Fire/Tmut/Pois 0%         N/A       99%         3
 Inner Flame              Hex/Fire       0%         N/A       99%         3
 Lesser Beckoning         Tloc           0%         N/A       99%         3
 Mephitic Cloud           Conj/Pois/Air  0%         N/A       99%         3
 Ozocubu's Armour         Ice            0%         N/A       99%         3
 Portal Projectile        Hex/Tloc       0%         N/A       99%         3
 Spider Form              Tmut/Pois      0%         N/A       99%         3
 Stone Arrow              Conj/Erth      0%         3d7       99%         3
 Summon Guardian Golem    Hex/Summ       0%         N/A       99%         3
 Swiftness                Air            0%         N/A       99%         3
 Teleport Other           Tloc           0%         N/A       99%         3
 Animate Armour           Summ/Erth      0%         N/A       100%        4
 Animate Dead             Necr           0%         N/A       100%        4
 Cause Fear               Hex            0%         N/A       100%        4
 Dispel Undead            Necr           0%         3d6       100%        4
 Fulminant Prism          Conj/Hex       0%         3d6       100%        4
 Leda's Liquefaction      Hex/Erth       0%         N/A       100%        4
 Passage of Golubria      Tloc           N/A        N/A       100%        4
 Petrify                  Tmut/Erth      0%         N/A       100%        4
 Sticky Flame             Conj/Fire      0%         2d3       100%        4
 Summon Ice Beast         Ice/Summ       0%         N/A       100%        4
 Summon Lightning Spire   Summ/Air       0%         N/A       100%        4
 Agony                    Necr           0%         N/A       100%        5
 Blade Hands              Tmut           0%         N/A       100%        5
 Bolt of Magma            Conj/Fire/Erth 0%         4d4       100%        5
 Borgnjor's Vile Clutch   Necr/Erth      0%         N/A       100%        5
 Excruciating Wounds      Necr           0%         N/A       100%        5
 Fireball                 Conj/Fire      0%         3d3       100%        5
 Irradiate                Conj/Tmut      0%         3d13      100%        5
 Iskenderun's Battlesphe  Conj           0%         2d6       100%        5
 Lee's Rapid Deconstruct  Erth           0%         3d5*      100%        5
 Summon Forest            Summ/Tloc      0%         N/A       100%        5
 Summon Mana Viper        Hex/Summ       0%         N/A       100%        5
 Conjure Ball Lightning   Conj/Air       0%         3x3d6     100%        6
 Death Channel            Necr           0%         N/A       100%        6
 Dispersal                Tloc           0%         N/A       100%        6
 Invisibility             Hex            0%         N/A       100%        6
 Shadow Creatures         Summ           N/A        N/A       100%        6
 Starburst                Conj/Fire      0%         8x6d3     100%        6
 Statue Form              Tmut/Erth      0%         N/A       100%        6
 Dragon Form              Tmut           0%         N/A       100%        7
 Malign Gateway           Summ/Tloc      0%         N/A       100%        7
 Monstrous Menagerie      Summ           0%         N/A       100%        7
 Orb of Destruction       Conj           0%         N/A       100%        7
 Ozocubu's Refrigeration  Ice            0%         4d5       100%        7
 Spellforged Servitor     Conj/Summ      0%         N/A       100%        7
 Borgnjor's Revivificati  Necr           0%         N/A       100%        8
 Discord                  Hex            0%         N/A       100%        8
 Disjunction              Tloc           0%         N/A       100%        8
 Ignition                 Fire           0%         3d3       100%        8
 Infestation              Necr           0%         N/A       100%        8
 Lehudib's Crystal Spear  Conj/Erth      0%         10d2      100%        8
 Necromutation            Tmut/Necr      0%         N/A       100%        8
 Summon Horrible Things   Summ           0%         N/A       100%        8
 Chain Lightning          Conj/Air       0%         N/A       100%        9
 Death's Door             Necr           0%         N/A       100%        9
 Fire Storm               Conj/Fire      0%         5d1       100%        9
 Shatter                  Erth           0%         3d5*      100%        9


Dungeon Overview and Level Annotations

Branches:
Dungeon (15/15)            Temple (0/1) D:5            Lair (6/6) D:11
 Shoals (4/4) Lair:4        Snake (4/4) Lair:4          Orc (2/2) D:11
    Elf (3/3) Orc:2        Vaults (5/5) D:14          Crypt (0/3) Vaults:2
 Depths (5/5) D:15            Zot (5/5) Depths:5     Bailey (visited)
  IceCv (visited)
  Slime: Lair:5-6

Altars:
Ashenzari
Dithmenos
Elyvilon
Gozag
Kikubaaqudgha
Makhleb
Okawaru
Qazlal
Ru
Trog
Vehumet
Xom
Zin
The Shining One
Beogh
Lugonu

Shops:
D:4 ?   D:8 *   D:9 *=?([   D:13 [   Orc:1 =   Orc:2 *[:([   Elf:3 [
Snake:1 [*(   Vaults:1 !?   Vaults:2 *((   Vaults:3 ?   Vaults:5 !!
Depths:1 *??=   Depths:3 =   Depths:5 (

Portals:
Hell: Depths:1 Depths:2 Depths:3 Depths:4 Depths:5
Abyss: D:3 Depths:1 Depths:4
Pandemonium: Depths:3 Depths:5
Ziggurat: Depths:5

Annotations:
D:3 2 runed translucent doors
Lair:1 exclusion: 2 oklob plants
Lair:4 2 transporters, Senaot's ghost, journeyman GrFi
Lair:5 exclusion: oklob plant
Lair:6 exclusion: oklob plant
Depths:5 exclusions: eye of devastation and great orb of eyes


Innate Abilities, Weirdness & Mutations

You have a pair of horns on your head.
You reflexively headbutt those who attack you in melee.
You have a beak for a mouth.
You are partially covered in iridescent scales. (AC +2)
You are covered in fur. (AC +1)
Potions are less effective at restoring your health.


Message History

Your peck misses the Orb Guardian.
The Orb Guardian is heavily wounded.
You block the Orb Guardian's attack.
You hit the Orb Guardian. You freeze the Orb Guardian.
Your peck misses the Orb Guardian.
The Orb Guardian is severely wounded.
You block the Orb Guardian's attack.
You slash the Orb Guardian! You freeze the Orb Guardian!
Your headbutt misses the Orb Guardian. Your peck misses the Orb Guardian.
The Orb Guardian is almost dead.
You block the Orb Guardian's attack.
You closely miss the Orb Guardian.
You peck the Orb Guardian, but do no damage.
The Orb Guardian is almost dead.
You block the Orb Guardian's attack.
You slice the Orb Guardian!! You freeze the Orb Guardian.
You kill the Orb Guardian!
Okawaru accepts your kill.
A reaper comes into view.
It is wielding a +2 scythe of protection.
You block the reaper's attack.
You slice the reaper!! You freeze the reaper.
The reaper is moderately wounded.
You slash the reaper! Your headbutt misses the reaper.
Your peck misses the reaper.
The reaper is heavily wounded.
You block the reaper's attack.
You slash the reaper! You freeze the reaper. You peck the reaper.
The reaper is severely wounded.
The reaper hits you but does no damage.
You hit the reaper but do no damage.
You headbutt the reaper, but do no damage.
You peck the reaper, but do no damage.
The reaper is severely wounded.
You block the reaper's attack.
There is a stone staircase leading up here.
You climb upwards.
There is a stone staircase leading down here.
There is an open door here.
There is a staircase leading out of the dungeon here.
You have escaped!

#....#...........#
#....#...........#
#####†...#..........#############
..............>..................
..###.##..#........############.#
..###.#.............# #.#
......#.#####.#####.# #.#
..#####.#...#.#...#.# #.# ..#
#.#.>.'.#.@.#.# #.# ..#
#.#...#.#...#.# #.#
..#####.#####.##'##.# #.#
....................# #.#
.#####..##'##.#####.# #.# .##
#..#...#.#...#.# #.# ..#
##.#...#.'...#.# #.# ..#
#.#...#.#...#.# #.# ..#
#.#####.#####.# #.#


There were no monsters in sight!

Vanquished Creatures
  Tiamat (Zot:2)
  4 dread liches (Zot:5)
  8 orbs of fire
  2 ancient liches
  Mennas (Depths:3)
  2 juggernauts
  Mara (Snake:4)
  4 Killer Klowns
  Frederick (Vaults:4)
  Saint Roka (Orc:2)
  Vashnia (Snake:2)
  Margery (Depths:3)
  3 curse toes
  the Enchantress (Depths:4)
  Nikola (Shoals:1)
  14 golden dragons
  Jory (Depths:3)
  2 electric golems
  An iron giant (Zot:1)
  Rupert (Lair:6)
  3 liches
  A hellephant (Zot:2)
  27 Orb Guardians
  3 deep elf blademasters (Elf:2)
  20 tentacled monstrosities
  4 titans
  5 deep elf master archers
  A kraken (Shoals:2)
  6 quicksilver dragons
  10 shadow dragons
  7 sphinxes
  8 death cobs
  9 tengu reavers
  Kirke (D:13)
  2 Executioners
  Agnes (Snake:1)
  15 draconian monks
  19 storm dragons
  Roxanne (Elf:2)
  Donald (Snake:4)
  16 fire giants
  11 frost giants
  5 draconian knights
  Louise (Elf:2)
  7 nagarajas (Snake:4)
  3 draconian scorchers
  18 vault wardens
  An orc warlord (Orc:1)
  8 deep elf sorcerers
  6 draconian stormcallers
  A deep elf elementalist (Elf:2)
  11 draconian shifters
  3 iron dragons
  A ghost moth (Zot:5)
  The ghost of om the Blocker, a journeyman DrBe of Trog (D:12)
  6 war gargoyles
  42 very ugly things
  9 draconian annihilators
  6 spriggan defenders
  26 stone giants
  15 ironbound preservers
  A vampire knight (Depths:3)
  16 green draconians
  10 deep elf demonologists
  18 black draconians
  Nessos (Lair:6)
  An entropy weaver (Vaults:5)
  6 deep elf annihilators
  8 purple draconians
  12 red draconians
  15 spark wasps
  10 white draconians
  3 dire elephants
  2 eleionomae (Shoals:1)
  8 deep elf death magi
  2 merfolk javelineers (Shoals:4)
  12 yellow draconians
  A green death (Zot:1)
  Snorg (Lair:4)
  19 ettins
  7 merfolk impalers
  3 crystal guardians
  13 fire dragons
  7 deep elf high priests
  2 jiangshi (Depths:2)
  5 great orbs of eyes
  7 ironbound thunderhulks
  4 yaktaur captains
  9 rakshasas
  A hydra (shapeshifter) (Depths:2)
  3 salamander tyrants
  5 spriggan air magi
  31 vault guards
  12 hydras
  19 naga warriors
  4 centaur warriors
  2 peacekeepers
  4 merfolk avatars
  7 ironbound frosthearts
  An ogre mage (Vaults:5)
  2 catoblepae
  23 ice dragons
  2 anacondas
  4 satyrs
  An alligator (shapeshifter) (Vaults:5)
  3 two-headed ogres
  30 dancing weapons
  3 merfolk aquamancers
  A death knight (D:13)
  9 deep troll shamans
  A death yak (Lair:5)
  9 deep troll earth magi
  An alligator snapping turtle (Shoals:3)
  10 tengu warriors
  3 ironbound beastmasters
  2 vampire magi (Depths:2)
  An orc high priest (Orc:2)
  15 naga sharpshooters
  5 shock serpents
  8 hell knights
  7 spriggan berserkers
  4 hell hogs (D:15)
  13 deep elf knights
  2 sun demons
  3 salamander mystics (Snake:4)
  Sonja (D:13)
  A skeletal warrior (D:13)
  8 iron trolls
  20 sea snakes
  4 glowing orange brains
  56 deep trolls
  A sea snake (shapeshifter) (Vaults:5)
  A flayed ghost (Depths:5)
  A swamp dragon (shapeshifter) (Depths:1)
  4 naga ritualists
  11 wizards
  3 phantasmal warriors (Vaults:5)
  17 deep elf archers
  17 ironbound convokers
  30 deep elf pyromancers
  5 necromancers
  6 mana vipers
  4 lindwurms
  2 orc knights
  20 deep elf zephyrmancers
  68 ugly things
  7 harpies
  A glowing shapeshifter (Depths:2)
  A wolf spider (D:14)
  4 orc sorcerers
  28 fauns
  24 salamanders
  3 cyclopes
  3 merfolk sirens
  6 manticores
  25 elephants
  2 large abominations (Depths:4)
  21 moths of wrath
  An orange demon (Zot:2)
  A moth of wrath (shapeshifter) (Depths:1)
  15 naga magi
  6 water nymphs
  A torpor snail (Lair:6)
  24 black mambas
  A gargoyle (D:13)
  6 vault sentinels
  13 cane toads
  2 hellions
  2 unseen horrors (shapeshifter)
  A rime drake (shapeshifter) (Vaults:5)
  3 wargs
  10 komodo dragons
  38 yaktaurs
  8 rime drakes
  5 freezing wraiths
  5 ice devils
  2 efreet
  An unseen horror (D:13)
  3 tengu conjurers
  A tormentor (Depths:4)
  4 trolls
  13 merfolk
  A polar bear (shapeshifter) (Vaults:5)
  4 wind drakes
  2 polar bears
  A jumping spider (Vaults:5)
  8 hornets
  A blink frog (shapeshifter) (D:14)
  13 snapping turtles
  27 slime creatures
  A meliai zombie (D:10)
  A blink frog (Lair:6)
  11 dream sheep (Lair:6)
  A raiju (shapeshifter) (D:15)
  A redback (shapeshifter) (Vaults:5)
  9 spriggans
  A ynoxinul (Depths:5)
  49 yaks
  2 air elementals
  A shadow (D:11)
  5 redbacks (Vaults:5)
  6 water elementals
  6 wraiths
  4 basilisks
  5 wyverns
  A human (shapeshifter) (D:13)
  6 vampire mosquitoes
  6 hogs (D:13)
  5 humans (Zot:2)
  A basilisk (shapeshifter) (Depths:2)
  A fire elemental (Elf:1)
  4 steam dragons
  A neqoxec (Depths:3)
  2 two-headed ogre zombies (D:11)
  A warg (shapeshifter) (D:15)
  45 nagas
  2 acid dragons
  21 water moccasins
  A floating eye (Depths:2)
  A floating eye (shapeshifter) (Vaults:5)
  A black bear (D:12)
  4 sky beasts
  39 orc warriors
  A hornet zombie (D:8)
  2 ice beasts
  11 ogres
  2 necrophages
  14 wolves
  4 boggarts
  7 centaurs
  3 phantoms
  2 earth elementals
  A gnoll sergeant (D:10)
  9 bullfrogs
  A cane toad simulacrum (IceCv)
  3 scorpions
  A water moccasin skeleton (D:5)
  3 troll zombies (D:11)
  An elephant simulacrum (IceCv)
  3 killer bees (D:10)
  4 wights (D:8)
  7 electric eels
  A lava snake (Snake:4)
  A bullfrog zombie (D:7)
  6 centaur zombies
  4 hounds
  A jelly (D:5)
  20 orc priests
  A hound (shapeshifter) (Vaults:5)
  An iguana (D:5)
  21 orc wizards
  2 wolf simulacra (IceCv)
  3 ogre zombies (D:11)
  A hound zombie (D:5)
  2 hound skeletons
  A howler monkey zombie (D:9)
  20 gnolls
  9 adders
  A white imp (D:5)
  3 ufetubi
  5 worms
  6 dart slugs
  85 orcs
  9 ball pythons
  7 bats
  10 endoplasms
  2 giant cockroaches
  20 hobgoblins
  6 jackals
  6 quokkas
  3 frilled lizards (D:1)
  16 goblins
  3 goblin skeletons (D:11)
  4 goblin zombies (D:11)
  A hobgoblin skeleton (D:11)
  3 hobgoblin zombies (D:11)
  14 kobolds
  An orc skeleton (D:11)
  13 orc zombies (D:11)
  7 rats
  A bush (Elf:2)
  4 tentacles (Shoals:2)
2122 creatures vanquished.

Vanquished Creatures (collateral kills)
  2 Orb Guardians (Zot:5)
  A draconian monk (Zot:3)
  A draconian knight (Zot:2)
  A black draconian (Zot:2)
  2 white draconians
  Josephine (Orc:2)
  Erolcha (Orc:1)
  An anaconda (Snake:2)
  A sea snake (Snake:2)
  A guardian serpent (Snake:2)
  3 black mambas (Snake:2)
  An elephant (Zot:2)
  A human (Zot:2)
  2 nagas (Snake:2)
  An orc warrior (Orc:2)
  An orc priest (Orc:1)
  An orc wizard (Orc:2)
  4 orcs
26 creatures vanquished.

Vanquished Creatures (others)
  A lich (Depths:3)
  2 draconian knights
  A war gargoyle (Zot:1)
  A deep elf demonologist (Elf:2)
  A satyr (Shoals:1)
  A wizard (Vaults:3)
  A deep elf pyromancer (Elf:2)
  A moth of wrath (Zot:4)
  A water nymph (Shoals:1)
  A dream sheep (Lair:6)
  A centaur simulacrum (D:14)
  2 yaks
  A human (Zot:2)
  2 boggarts (D:15)
  An orc priest (Orc:2)
  An orc wizard (Orc:2)
  4 orcs (Orc:2)
  A giant cockroach (D:2)
  A goblin (D:13)
  36 fungi
  208 plants
  3 tentacles (Shoals:2)
272 creatures vanquished.

Grand Total: 2420 creatures vanquished

Notes
Turn   | Place    | Note
-------+----------+-------------------------------------------
     0 | D:1      | Arex the Minotaur Brigand began the quest for the Orb.
     0 | D:1      | Reached XP level 1. HP: 18/18 MP: 0/0
   244 | D:1      | Reached XP level 2. HP: 9/25 MP: 1/1
  1113 | D:1      | Reached skill level 3 in Fighting
  1113 | D:1      | Reached XP level 3. HP: 31/31 MP: 2/2
  1233 | D:1      | Found a faded altar of an unknown god.
  1256 | D:1      | Became a worshipper of Elyvilon the Healer
  1256 | D:1      | Reached * piety under Elyvilon
  1508 | D:2      | Reached skill level 1 in Armour
  1539 | D:2      | Found a radiant altar of Vehumet.
  1629 | D:2      | Reached XP level 4. HP: 38/38 MP: 3/3
  2382 | D:3      | Found an iron altar of Okawaru.
  2411 | D:3      | Fell from the grace of Elyvilon
  2411 | D:3      | Became a worshipper of Warmaster Okawaru
  2711 | D:3      | Found a sacrificial altar of Ru.
  2714 | D:3      | Found a stormy altar of Qazlal.
  2738 | D:3      | Found a bloodstained altar of Trog.
  2741 | D:3      | Found a shadowy altar of Dithmenos.
  3110 | D:3      | Found a large runed translucent door.
  3111 | D:3      | Found a large runed translucent door.
  3112 | D:3      | Found a corrupted altar of Lugonu.
  3404 | D:3      | Found a burning altar of Makhleb.
  3499 | D:3      | Reached XP level 5. HP: 37/45 MP: 4/4
  3503 | D:3      | Reached skill level 1 in Shields
  3562 | D:3      | Found a one-way gate to the infinite horrors of the Abyss.
  3588 | D:3      | Reached skill level 1 in Axes
  4221 | D:4      | Found a faded altar of an unknown god.
  4231 | D:4      | Noticed a necrophage
  4237 | D:4      | Killed a necrophage
  4238 | D:4      | Reached skill level 1 in Invocations
  4246 | D:4      | Noticed an ogre
  4248 | D:4      | Reached skill level 4 in Fighting
  4248 | D:4      | Reached XP level 6. HP: 47/52 MP: 5/5
  4600 | D:4      | Found Xynif's Magic Scroll Shop.
  4725 | D:4      | Reached * piety under Okawaru
  5092 | D:4      | Reached XP level 7. HP: 45/59 MP: 7/7
  5475 | D:5      | Entered Level 5 of the Dungeon
  5485 | D:5      | Reached ** piety under Okawaru
  5763 | D:5      | Found a staircase to the Ecumenical Temple.
  5998 | D:5      | Found a broken altar of Ashenzari.
  6135 | D:5      | Found a glowing silver altar of Zin.
  6440 | D:4      | Reached skill level 5 in Fighting
  6440 | D:4      | Reached XP level 8. HP: 30/68 MP: 8/8
  6634 | D:5      | Reached skill level 5 in Axes
  6634 | D:5      | Reached skill level 5 in Shields
  7427 | D:6      | Noticed a komodo dragon
  7439 | D:6      | Killed a komodo dragon
  7907 | D:7      | Noticed a two-headed ogre
  7916 | D:7      | Killed a two-headed ogre
  7916 | D:7      | Reached *** piety under Okawaru
  7917 | D:7      | Reached skill level 6 in Fighting
  7917 | D:7      | Reached skill level 5 in Throwing
  7917 | D:7      | Reached skill level 5 in Armour
  7917 | D:7      | Reached XP level 9. HP: 75/75 MP: 7/10
  8483 | D:7      | Noticed a cyclops
  8489 | D:7      | Killed a cyclops
  8493 | D:7      | Reached **** piety under Okawaru
  8790 | D:7      | Received a gift from Okawaru
  9039 | D:8      | Reached XP level 10. HP: 79/84 MP: 12/12
  9141 | D:8      | Found an opulent altar of Gozag.
  9346 | D:8      | Found Gozag's Platinum Reserve.
 10056 | D:9      | Reached skill level 7 in Fighting
 10064 | D:9      | Found Kibadell's Weapon Boutique.
 10104 | D:9      | Found Afidyeqo's Magic Scroll Emporium.
 10177 | D:9      | Found Cuplik's Jewellery Emporium.
 10275 | D:9      | Found Cuunef's General Store.
 10698 | D:9      | Found Danoczeg's Armour Emporium.
 10833 | D:9      | Reached skill level 5 in Invocations
 11003 | D:9      | Found a glowing golden altar of the Shining One.
 11103 | D:10     | Entered Level 10 of the Dungeon
 11178 | D:10     | Received a gift from Okawaru
 11211 | D:10     | Noticed a centaur warrior
 11221 | D:10     | Killed a centaur warrior
 11469 | D:10     | Identified the +3 buckler of Roxiw {rPois rC+ SInv}
 12003 | D:10     | Reached ***** piety under Okawaru
 12352 | D:11     | Noticed an eight-headed hydra
 12364 | D:11     | Killed a five-headed hydra
 12364 | D:11     | Received a gift from Okawaru
 12365 | D:11     | Reached XP level 11. HP: 46/94 MP: 5/14
 12588 | D:11     | Reached skill level 10 in Shields
 12718 | D:11     | Reached skill level 10 in Axes
 12746 | D:11     | Reached skill level 8 in Fighting
 12864 | D:11     | Found a staircase to the Orcish Mines.
 12887 | D:11     | Received a gift from Okawaru
 13410 | D:11     | Noticed a four-headed hydra
 13417 | D:11     | Killed a one-headed hydra
 13417 | D:11     | Identified the +8 war axe of Lymes {protect, rN+} (Okawaru
                  | gifted it to you on level 11 of the Dungeon)
 13417 | D:11     | Received a gift from Okawaru
 13627 | D:11     | Found a staircase to the Lair.
 13923 | D:11     | Noticed a two-headed ogre
 13935 | D:11     | Killed a two-headed ogre
 14157 | Lair:1   | Entered Level 1 of the Lair of Beasts
 14611 | Lair:1   | Noticed an oklob plant
 14611 | Lair:1   | Noticed an oklob plant
 14640 | Lair:1   | Identified the +9 fustibalus "Ifrusef" {flame, rElec rPois
                  | rN++ Will-}
 14641 | Lair:1   | Noticed an eight-headed hydra
 14656 | Lair:1   | Killed a four-headed hydra
 14880 | Lair:1   | Reached skill level 9 in Fighting
 14908 | Lair:1   | Received a gift from Okawaru
 15182 | Lair:1   | Reached XP level 12. HP: 101/104 MP: 16/16
 15506 | Lair:2   | Noticed a four-headed hydra
 15640 | Lair:2   | Killed a one-headed hydra
 16003 | Lair:2   | Reached ****** piety under Okawaru
 16003 | Lair:2   | Received a gift from Okawaru
 16474 | Lair:2   | Received a gift from Okawaru
 16917 | Lair:3   | Found a frozen archway.
 16928 | Lair:3   | Reached skill level 10 in Fighting
 16931 | IceCv    | Entered an ice cave
 16944 | IceCv    | Received a gift from Okawaru
 16948 | IceCv    | Found a transporter.
 16955 | IceCv    | Found the +9 sword of Zonguldrok {reap}
 16958 | IceCv    | Found a transporter.
 17142 | Lair:3   | Noticed an eight-headed hydra
 17155 | Lair:3   | Killed a four-headed hydra
 17787 | Lair:3   | Noticed an eight-headed hydra
 17793 | Lair:3   | Killed a seven-headed hydra
 17802 | Lair:3   | Received a gift from Okawaru
 18147 | D:9      | Bought the amulet of Owycaeri {Reflect rElec rN+ Int+4
                  | SH+5} for 792 gold pieces
 18307 | Lair:4   | Found a staircase to the Snake Pit.
 18326 | Lair:3   | Reached skill level 10 in Armour
 18467 | Lair:4   | Noticed Snorg
 18482 | Lair:4   | Killed Snorg
 18488 | Lair:4   | Reached XP level 13. HP: 86/114 MP: 10/18
 18616 | Lair:4   | Received a gift from Okawaru
 18653 | Lair:4   | Found a transporter.
 18660 | Lair:4   | Found a transporter.
 18660 | Lair:4   | Noticed Senaot's ghost (journeyman GrFi)
 18888 | Lair:4   | Found a staircase to the Shoals.
 19373 | Lair:5   | Reached skill level 11 in Fighting
 20612 | Lair:6   | Entered Level 6 of the Lair of Beasts
 20864 | Lair:6   | Received a gift from Okawaru
 20872 | Lair:6   | Noticed Rupert
 20891 | Lair:6   | Reached skill level 10 in Throwing
 20900 | Lair:6   | Killed Rupert
 20900 | Lair:6   | Received a gift from Okawaru
 21103 | Lair:6   | Reached skill level 12 in Fighting
 21258 | Lair:6   | Reached XP level 14. HP: 87/126 MP: 20/20
 21508 | Lair:6   | Noticed Nessos
 21521 | Lair:6   | Killed Nessos
 22040 | Lair:6   | Reached skill level 10 in Invocations
 22653 | Lair:6   | Found a radiant altar of Vehumet.
 23074 | Lair:6   | Received a gift from Okawaru
 23609 | Orc:1    | Entered Level 1 of the Orcish Mines
 23640 | Orc:1    | Found Dalywy's Jewellery Emporium.
 24020 | Orc:2    | Entered Level 2 of the Orcish Mines
 24034 | Orc:2    | Noticed Josephine
 24045 | Orc:2    | Killed Josephine
 24264 | Orc:1    | Noticed Erolcha
 24271 | Orc:1    | Killed Erolcha
 24459 | Orc:2    | Noticed an orc warlord
 24482 | Orc:1    | Killed an orc warlord
 24589 | Orc:2    | Found Juttelas's Book Emporium.
 24817 | Orc:2    | Found a staircase to the Elven Halls.
 24974 | Orc:2    | Received a gift from Okawaru
 25051 | Orc:2    | Found Wanleuss's Armour Shoppe.
 25439 | Orc:2    | Noticed Saint Roka
 25481 | Orc:2    | Killed Saint Roka
 25482 | Orc:2    | Reached skill level 13 in Fighting
 25856 | Orc:2    | Found Cineff's Antique Weapon Emporium.
 25880 | Orc:2    | Found Eporem's Antique Armour Shoppe.
 26143 | Orc:2    | Found Ocaawuca's Assorted Antiques.
 26148 | Orc:2    | Bought a scroll of blinking for 210 gold pieces
 26148 | Orc:2    | Bought a potion of heal wounds for 140 gold pieces
 26148 | Orc:2    | Bought a scroll labelled HOSOFARPHIE for 28 gold pieces
 26148 | Orc:2    | Bought a potion of mutation for 224 gold pieces
 26148 | Orc:2    | Bought a potion of curing for 84 gold pieces
 26148 | Orc:2    | Bought a scroll of enchant armour for 210 gold pieces
 26148 | Orc:2    | Bought a wand of flame (9) for 28 gold pieces
 26458 | D:12     | Found a runed translucent door.
 26459 | D:12     | Identified the +6 trident of Diet Blood {vorpal, Contam
                  | Will+ Dex+2}
 26460 | D:12     | Noticed om's ghost (journeyman DrBe)
 26790 | D:12     | Found a burning altar of Makhleb.
 26790 | D:12     | Noticed a balrug
 27002 | D:12     | Killed om's ghost
 27019 | D:12     | Reached XP level 15. HP: 96/136 MP: 17/22
 27226 | D:13     | Found Qele's Antique Armour Emporium.
 27254 | D:13     | Noticed Sonja
 27263 | D:13     | Killed Sonja
 27269 | D:13     | Found a flagged portal.
 27413 | Bailey   | Entered a bailey
 27796 | Bailey   | Acquired 1088 gold pieces
 27798 | Bailey   | Acquired the +27 Lear's hauberk
 27799 | Bailey   | Found the +27 Lear's hauberk
 27915 | D:13     | Found an ancient bone altar of Kikubaaqudgha.
 28011 | D:13     | Noticed Kirke
 28034 | D:13     | Killed Kirke
 28140 | D:13     | Received a gift from Okawaru
 28184 | D:13     | Reached skill level 15 in Axes
 28184 | D:13     | Reached XP level 16. HP: 145/145 MP: 23/23
 28185 | D:13     | Reached skill level 14 in Fighting
 28185 | D:13     | Reached XP level 17. HP: 152/152 MP: 24/24
 28391 | Orc:2    | Bought a +0 pair of boots of flying for 184 gold pieces
 28564 | D:4      | Bought a scroll of identify for 28 gold pieces
 28564 | D:4      | Bought a scroll of identify for 28 gold pieces
 28779 | Shoals:1 | Entered Level 1 of the Shoals
 29377 | Shoals:1 | Reached skill level 1 in Evocations
 29459 | Shoals:1 | Reached skill level 5 in Dodging
 29768 | Shoals:1 | Noticed Nikola
 30846 | Shoals:1 | Killed Nikola
 30889 | Shoals:2 | Received a gift from Okawaru
 31792 | Shoals:2 | Found a shimmering altar of Xom.
 31797 | Shoals:2 | Noticed a kraken
 31808 | Shoals:2 | Killed a kraken
 33033 | Shoals:3 | Reached skill level 10 in Dodging
 33254 | Shoals:4 | Entered Level 4 of the Shoals
 33381 | Shoals:4 | Reached skill level 15 in Fighting
 33387 | Shoals:4 | Reached XP level 18. HP: 152/163 MP: 23/25
 33512 | Shoals:4 | Got the Handbook of Poisonous Flight
 33749 | Shoals:3 | Received a gift from Okawaru
 34209 | Shoals:4 | Got a barnacled rune of Zot
 34679 | Snake:1  | Entered Level 1 of the Snake Pit
 34704 | Snake:1  | Noticed Agnes
 34712 | Snake:1  | Killed Agnes
 34850 | Snake:1  | Received a gift from Okawaru
 34856 | Snake:1  | Reached skill level 15 in Armour
 35043 | Snake:1  | Found Xacak's Antique Armour Shoppe.
 35046 | Snake:1  | Found Orurussi's General Store.
 35049 | Snake:1  | Found Toug's Antique Weapon Shoppe.
 35054 | Snake:1  | Bought a potion of curing for 45 gold pieces
 35054 | Snake:1  | Bought a scroll of teleportation for 45 gold pieces
 35054 | Snake:1  | Bought a scroll of magic mapping for 52 gold pieces
 35060 | Snake:1  | Found a glowing golden altar of the Shining One.
 35410 | Lair:4   | Acquired a +2 tower shield of protection
 35581 | D:9      | Bought a ring of poison resistance for 280 gold pieces
 35950 | Snake:1  | Identified the +1 robe "Put-Me-On" {Contam rF+ Str+2 Int+3}
 36127 | Snake:1  | Bought a masterwork cloak for 361 gold pieces
 36127 | Snake:1  | Identified the +0 cloak "Ufuodet" {Stlth+} (You bought it
                  | in a shop on level 1 of the Snake Pit)
 36181 | Snake:2  | You fall into a shaft and drop 1 floor!
 36193 | Snake:3  | Received a gift from Okawaru
 36277 | Snake:2  | Noticed Vashnia
 36291 | Snake:2  | Killed Vashnia
 36468 | Snake:2  | Received a gift from Okawaru
 38139 | Snake:4  | Entered Level 4 of the Snake Pit
 38152 | Snake:4  | Reached skill level 16 in Fighting
 38687 | Snake:4  | Noticed Donald
 38725 | Snake:4  | Killed Donald
 38778 | Snake:4  | Received a gift from Okawaru
 38995 | Snake:4  | Reached XP level 19. HP: 172/172 MP: 26/26
 39212 | Snake:4  | Noticed Mara
 39373 | Snake:4  | Noticed Arex's illusion
 39390 | Snake:4  | Killed Mara
 40008 | Snake:4  | Received a gift from Okawaru
 40247 | Snake:4  | Identified the +6 quarterstaff of Paumudiw {protect, Int+3}
 40623 | Snake:4  | Reached skill level 17 in Fighting
 40721 | Snake:4  | Got a serpentine rune of Zot
 41578 | D:14     | Found a gate to the Vaults.
 42253 | D:15     | Entered Level 15 of the Dungeon
 42739 | D:15     | Found a staircase to the Depths.
 42950 | D:15     | Acquired the ring "Xyptiluo" {rElec rC+ Dex+6}
 43535 | Vaults:1 | Entered Level 1 of the Vaults
 43886 | Vaults:1 | Received a gift from Okawaru
 43900 | Vaults:1 | Reached XP level 20. HP: 107/184 MP: 18/27
 44446 | Vaults:1 | Found Riynupsi's Magic Scroll Emporium.
 44451 | Vaults:1 | Bought a scroll of acquirement for 676 gold pieces
 44451 | Vaults:1 | Bought a scroll of teleportation for 39 gold pieces
 44451 | Vaults:1 | Acquired 336 gold pieces
 44720 | Vaults:1 | Found Miurcheug's Distillery.
 44728 | Vaults:1 | Bought a potion of might for 56 gold pieces
 44728 | Vaults:1 | Bought a potion of might for 56 gold pieces
 44728 | Vaults:1 | Bought a potion of curing for 42 gold pieces
 44728 | Vaults:1 | Bought a potion of might for 56 gold pieces
 44728 | Vaults:1 | Bought a potion of heal wounds for 70 gold pieces
 44728 | Vaults:1 | Bought a potion of mutation for 112 gold pieces
 44728 | Vaults:1 | Bought a potion of resistance for 140 gold pieces
 44728 | Vaults:1 | Bought a potion of curing for 42 gold pieces
 44728 | Vaults:1 | Bought a potion of curing for 42 gold pieces
 45142 | Vaults:2 | Found a staircase to the Crypt.
 45443 | Vaults:2 | Found Peclayli's Antique Weapon Shop.
 45686 | Vaults:2 | Found Pohav's Assorted Antiques.
 45694 | Vaults:2 | Bought a potion of might for 128 gold pieces
 45719 | Vaults:2 | Found Ipiovouz's Weapon Shoppe.
 46202 | Vaults:3 | Found Umer's Magic Scroll Emporium.
 46212 | Vaults:3 | Bought a scroll of teleportation for 45 gold pieces
 46212 | Vaults:3 | Bought a scroll of teleportation for 45 gold pieces
 46623 | Vaults:3 | Reached skill level 18 in Fighting
 47248 | Vaults:3 | Received a gift from Okawaru
 48312 | Vaults:4 | Noticed Frederick
 48321 | Vaults:4 | Killed Frederick
 49010 | Vaults:4 | Noticed a golden dragon
 49029 | Vaults:4 | Killed a golden dragon
 49030 | Vaults:4 | Reached XP level 21. HP: 112/195 MP: 29/29
 49624 | Vaults:4 | Received a gift from Okawaru
 49818 | Vaults:4 | Identified the +4 cloak of a treasure trove {rC+ rCorr
                  | Dex-4}
 49853 | Vaults:4 | Reached skill level 15 in Shields
 50122 | Vaults:4 | Identified the +2 flail of Tenacity {protect, Drain +Blink
                  | Dex+4}
 50377 | Depths:1 | Entered Level 1 of the Depths
 50615 | Depths:1 | Found Cepp's Magic Scroll Shop.
 50615 | Depths:1 | Found Gabydd's Magic Scroll Boutique.
 50659 | Depths:1 | Found Sieler's Overcharged Wands.
 50759 | Depths:1 | Found Qic Gegu's Jewellery Shoppe.
 50871 | Depths:1 | Reached skill level 19 in Fighting
 51109 | Depths:1 | Found a gateway to Hell.
 51237 | Depths:1 | Found a white marble altar of Elyvilon.
 52110 | Depths:2 | Received a gift from Okawaru
 52574 | Depths:2 | Received a gift from Okawaru
 52935 | Depths:2 | Reached skill level 15 in Throwing
 53109 | Depths:2 | Reached XP level 22. HP: 201/206 MP: 31/31
 53991 | Depths:3 | Found a stormy altar of Qazlal.
 54016 | Depths:3 | Reached skill level 20 in Fighting
 54129 | Depths:3 | Found a one-way gate leading to the halls of Pandemonium.
 54158 | Depths:3 | Gained mutation: You occasionally shout uncontrollably at
                  | your foes. [a neqoxec]
 54346 | Depths:3 | Identified the +7 broad axe "Hojuest" {spect, rN+ Int+3}
                  | (Okawaru gifted it to you on level 3 of the Depths)
 54346 | Depths:3 | Received a gift from Okawaru
 54794 | Depths:3 | Noticed Margery
 54812 | Depths:3 | Killed Margery
 54963 | Depths:3 | Found Qokyilia's Jewellery Boutique.
 54983 | Depths:3 | Received a gift from Okawaru
 55210 | Depths:3 | Reached XP level 23. HP: 195/217 MP: 32/32
 55312 | Depths:3 | Noticed a juggernaut
 55334 | Depths:3 | Killed a juggernaut
 55350 | Depths:3 | Received a gift from Okawaru
 55352 | Depths:3 | Got the Guide on Poisoning and the Entourage
 55527 | Depths:3 | Found a glowing silver altar of Zin.
 55543 | Depths:3 | Noticed Mennas
 55562 | Depths:3 | Killed Mennas
 55621 | Depths:3 | Identified the +0 chain mail of Porhujua {Contam rF+ Will+
                  | Int+3} (Okawaru gifted it to you on level 3 of the Depths)
 55621 | Depths:3 | Received a gift from Okawaru
 56240 | Depths:4 | Acquired 631 gold pieces
 56620 | Depths:4 | Noticed Jory
 56644 | Depths:3 | Reached skill level 21 in Fighting
 56659 | Depths:3 | Killed Jory
 57119 | Depths:4 | Identified the +3 leather armour of Complete Protection
                  | {-Cast Fly Dex+4}
 57126 | Depths:4 | Identified the +3 hand axe of the Howling Seeker {vorpal,
                  | Int+5 Dex+4}
 57319 | Depths:4 | Noticed the Enchantress
 57370 | Depths:4 | Killed the Enchantress
 57447 | Depths:4 | Received a gift from Okawaru
 57508 | Depths:5 | Entered Level 5 of the Depths
 57608 | Depths:5 | Identified the +3 war axe "Qiveenus" {holy, Will+} (Okawaru
                  | gifted it to you on level 5 of the Depths)
 57608 | Depths:5 | Received a gift from Okawaru
 57756 | Depths:5 | Found Veonoano's Antique Weapon Shop.
 58671 | Depths:5 | Paralysed by a floating eye for 2 turns
 58706 | Depths:5 | Found a gateway to a ziggurat.
 58708 | Depths:5 | Paralysed by a floating eye for 2 turns
 58712 | Depths:5 | Paralysed by a floating eye for 2 turns
 58719 | Depths:5 | Paralysed by a floating eye for 3 turns
 58725 | Depths:5 | Paralysed by a floating eye for 2 turns
 58746 | Depths:5 | Paralysed by a floating eye for 3 turns
 59417 | Depths:5 | Reached XP level 24. HP: 209/231 MP: 27/32
 59432 | Depths:5 | Received a gift from Okawaru
 59602 | Depths:5 | Found a gate to the Realm of Zot.
 59775 | D:15     | Identified the +6 shortbow of Courage {freeze, Int+2}
 59999 | D:4      | Bought a scroll of enchant armour for 105 gold pieces
 59999 | D:4      | Bought a scroll of magic mapping for 49 gold pieces
 60248 | Depths:1 | Bought a scroll of enchant armour for 157 gold pieces
 60334 | Depths:3 | Bought the ring of Letoipn {rF+ rC+ Dex+4} for 1090 gold
                  | pieces
 60552 | Elf:1    | Entered Level 1 of the Elven Halls
 60932 | Elf:1    | Identified the +1 plate armour of Nezory {Str+2} (Okawaru
                  | gifted it to you on level 1 of the Elven Halls)
 60932 | Elf:1    | Received a gift from Okawaru
 62209 | Elf:2    | Found a runed translucent gate.
 62209 | Elf:2    | Found a runed translucent gate.
 62223 | Elf:2    | Found a runed translucent gate.
 62268 | Elf:2    | Noticed Roxanne
 62274 | Elf:2    | Reached skill level 22 in Fighting
 62280 | Elf:2    | Noticed Louise
 62290 | Elf:2    | Killed Roxanne
 62307 | Elf:2    | Killed Louise
 63091 | Elf:3    | Entered Level 3 of the Elven Halls
 63243 | Elf:3    | Found Viruol's Armour Shop.
 63423 | Elf:3    | Paralysed by an air elemental for 1 turns
 64095 | Elf:3    | Received a gift from Okawaru
 64367 | Elf:3    | Received a gift from Okawaru
 65286 | Elf:3    | Identified the +10 spear "Impslayer" {drain, Str+4}
 65286 | Elf:3    | Identified the -6 tower shield of Serendipity {Stlth+}
 65294 | Elf:3    | Identified the amulet "Rosub" {Acrobat rCorr}
 65308 | Elf:3    | Got Karidghipt's Volume of Aerial Unholy Rites
 65314 | Elf:3    | Got Sif Muna's Catalogue of Fire and Conjuration
 65317 | Elf:3    | Identified the amulet "Vesihon" {Acrobat Int+2 Dex+3}
 65319 | Elf:3    | Identified the +1 pair of gloves of Divine Mirth {-Tele
                  | rF++ Int+3}
 66290 | Vaults:5 | Entered Level 5 of the Vaults
 66374 | Vaults:5 | Received a gift from Okawaru
 66394 | Vaults:5 | Reached XP level 25. HP: 158/240 MP: 28/32
 66949 | Vaults:5 | Reached skill level 23 in Fighting
 67075 | Vaults:5 | Noticed an ancient lich
 67099 | Vaults:5 | Killed an ancient lich
 67144 | Vaults:5 | Received a gift from Okawaru
 67934 | Vaults:5 | Identified the ring of Intercession {+Blink rF+ rC++ Will+
                  | Str-3}
 68053 | Vaults:5 | Received a gift from Okawaru
 68215 | Vaults:5 | Identified the ring "Komul" {rC+ AC+4}
 68298 | Vaults:5 | Found Ticzof's Distillery.
 68322 | Vaults:5 | Bought a potion of might for 48 gold pieces
 68322 | Vaults:5 | Bought a potion of curing for 36 gold pieces
 68322 | Vaults:5 | Bought a potion of heal wounds for 60 gold pieces
 68322 | Vaults:5 | Bought a potion of heal wounds for 60 gold pieces
 68333 | Vaults:5 | Found Ruaf's Distillery.
 68338 | Vaults:5 | Bought a potion of haste for 160 gold pieces
 68338 | Vaults:5 | Bought a potion of might for 64 gold pieces
 68407 | Vaults:5 | Identified the +0 cloak "Maytoc" {rPois} (Okawaru gifted it
                  | to you on level 5 of the Vaults)
 68407 | Vaults:5 | Received a gift from Okawaru
 68695 | Vaults:5 | Reached XP level 26. HP: 253/253 MP: 30/32
 68746 | Vaults:5 | Got the Volume of Fallacy
 68814 | Vaults:5 | Got a silver rune of Zot
 69539 | Depths:1 | Bought a scroll of blinking for 157 gold pieces
 69539 | Depths:1 | Bought a scroll of teleportation for 63 gold pieces
 69539 | Depths:1 | Bought a scroll of acquirement for 1092 gold pieces
 69539 | Depths:1 | Bought a scroll of teleportation for 63 gold pieces
 69539 | Depths:1 | Acquired a manual of Throwing
 69730 | D:9      | Bought 8 silver javelins for 268 gold pieces
 69913 | Depths:1 | Bought a scroll of acquirement for 624 gold pieces
 69913 | Depths:1 | Acquired a +2 pair of boots of stealth
 70263 | Zot:1    | Entered Level 1 of the Realm of Zot
 70721 | Zot:1    | Reached skill level 24 in Fighting
 71429 | Zot:1    | Noticed an orb of fire
 71440 | Zot:1    | Gained mutation: Your body sometimes deteriorates upon
                  | taking damage. [an orb of fire]
 71444 | Zot:1    | Gained mutation: You are resistant to electric shocks.
                  | (rElec) [an orb of fire]
 71450 | Zot:1    | Gained mutation: You frequently scream uncontrollably at
                  | your foes. [an orb of fire]
 71453 | Zot:1    | Lost mutation: You frequently scream uncontrollably at your
                  | foes. [an orb of fire]
 71454 | Zot:1    | Gained mutation: You frequently scream uncontrollably at
                  | your foes. [an orb of fire]
 71460 | Zot:1    | Gained mutation: You are frail. (-10% HP) [an orb of fire]
 71466 | Zot:1    | Killed an orb of fire
 71486 | Zot:1    | Received a gift from Okawaru
 72148 | Zot:1    | Noticed an ancient lich
 72167 | Zot:1    | Killed an ancient lich
 72230 | Zot:1    | Found a stormy altar of Qazlal.
 73026 | Depths:1 | Bought 3 scrolls of enchant weapon for 270 gold pieces
 73032 | Depths:1 | Bought a scroll of enchant weapon for 157 gold pieces
 73644 | D:14     | Received a gift from Okawaru
 74257 | Zot:2    | Found the +4 dragonskin cloak
 74257 | Zot:2    | Noticed Tiamat
 74310 | Zot:2    | Killed Tiamat
 74591 | Zot:2    | Noticed a juggernaut
 74591 | Zot:2    | a Killer Klown changed into a juggernaut
 74609 | Zot:2    | Killed a juggernaut
 74640 | Zot:2    | Reached XP level 27. HP: 222/237 MP: 30/32
 74664 | Zot:2    | Received a gift from Okawaru
 74739 | Zot:2    | Received a gift from Okawaru
 74996 | Zot:2    | Reached skill level 25 in Fighting
 75273 | Zot:2    | Received a gift from Okawaru
 76124 | Zot:3    | Received a gift from Okawaru
 78085 | Zot:4    | Identified the +1 plate armour of Nyfil {Int+3} (Okawaru
                  | gifted it to you on level 4 of the Realm of Zot)
 78085 | Zot:4    | Received a gift from Okawaru
 78259 | Zot:4    | Noticed an orb of fire
 78280 | Zot:4    | Gained mutation: Armour fits poorly on your strangely
                  | shaped body. [an orb of fire]
 78282 | Zot:4    | Gained mutation: You are dopey. (Int -2) [an orb of fire]
 78287 | Zot:4    | Killed an orb of fire
 79258 | Zot:4    | Lost mutation: You frequently scream uncontrollably at your
                  | foes. [potion of mutation]
 79258 | Zot:4    | Lost mutation: You occasionally shout uncontrollably at
                  | your foes. [potion of mutation]
 79258 | Zot:4    | Gained mutation: Your body often deteriorates upon taking
                  | damage. [potion of mutation]
 79259 | Zot:4    | Lost mutation: You are resistant to electric shocks.
                  | (rElec) [potion of mutation]
 79259 | Zot:4    | Gained mutation: You are weak. (Str -2) [potion of
                  | mutation]
 79259 | Zot:4    | Gained mutation: You are agile. (Dex +2) [potion of
                  | mutation]
 79259 | Zot:4    | Gained mutation: You are covered in fur. (AC +1) [potion of
                  | mutation]
 79260 | Zot:4    | Lost mutation: You are dopey. (Int -2) [potion of mutation]
 79260 | Zot:4    | Lost mutation: Your body often deteriorates upon taking
                  | damage. [potion of mutation]
 79260 | Zot:4    | Lost mutation: Your body sometimes deteriorates upon taking
                  | damage. [potion of mutation]
 79260 | Zot:4    | Gained mutation: You are very frail. (-20% HP) [potion of
                  | mutation]
 79260 | Zot:4    | Gained mutation: You have large cloven feet. [potion of
                  | mutation]
 79261 | Zot:4    | Lost mutation: You are very frail. (-20% HP) [potion of
                  | mutation]
 79261 | Zot:4    | Lost mutation: You are frail. (-10% HP) [potion of
                  | mutation]
 79362 | Zot:5    | Entered Level 5 of the Realm of Zot
 80247 | Zot:5    | Noticed a dread lich
 80273 | Zot:5    | Killed a dread lich
 80274 | Zot:5    | Reached skill level 26 in Fighting
 80353 | Zot:5    | Noticed an orb of fire
 80365 | Zot:5    | Gained mutation: Potions are less effective at restoring
                  | your health. [an orb of fire]
 80370 | Zot:5    | Gained mutation: You occasionally shout uncontrollably at
                  | your foes. [an orb of fire]
 80377 | Zot:5    | Killed an orb of fire
 80497 | Zot:5    | Noticed an orb of fire
 81211 | Zot:5    | Noticed a dread lich
 81215 | Zot:5    | Killed a dread lich
 81215 | Zot:5    | Received a gift from Okawaru
 81546 | Zot:5    | Killed an orb of fire
 81546 | Zot:5    | Received a gift from Okawaru
 81561 | Zot:5    | Noticed an orb of fire
 81575 | Zot:5    | Killed an orb of fire
 81575 | Zot:5    | Received a gift from Okawaru
 81700 | Zot:5    | Noticed an orb of fire
 81714 | Zot:5    | Gained mutation: You are very weak. (Str -4) [an orb of
                  | fire]
 81716 | Zot:5    | Gained mutation: Your magical capacity is low. (-10% MP)
                  | [an orb of fire]
 81729 | Zot:5    | Killed an orb of fire
 81787 | Zot:5    | Noticed an orb of fire
 81787 | Zot:5    | Noticed an orb of fire
 81787 | Zot:5    | Lost mutation: You are agile. (Dex +2) [an orb of fire]
 81793 | Zot:5    | Gained mutation: You are frail. (-10% HP) [an orb of fire]
 81798 | Zot:5    | Gained mutation: Your magical capacity is very low. (-20%
                  | MP) [an orb of fire]
 81865 | Zot:4    | Gained mutation: Your magical capacity is extremely low.
                  | (-30% MP) [an orb of fire]
 81887 | Zot:4    | Killed an orb of fire
 81891 | Zot:5    | Gained mutation: You are clumsy. (Dex -2) [an orb of fire]
 81897 | Zot:5    | Gained mutation: You frequently scream uncontrollably at
                  | your foes. [an orb of fire]
 81910 | Zot:5    | Killed an orb of fire
 81912 | Zot:5    | Lost mutation: You frequently scream uncontrollably at your
                  | foes. [potion of mutation]
 81912 | Zot:5    | Lost mutation: You are frail. (-10% HP) [potion of
                  | mutation]
 81912 | Zot:5    | Lost mutation: Your magical capacity is extremely low.
                  | (-30% MP) [potion of mutation]
 81912 | Zot:5    | Gained mutation: You are frail. (-10% HP) [potion of
                  | mutation]
 81912 | Zot:5    | Lost mutation: You are very weak. (Str -4) [potion of
                  | mutation]
 81913 | Zot:5    | Lost mutation: You are clumsy. (Dex -2) [potion of
                  | mutation]
 81913 | Zot:5    | Lost mutation: You are frail. (-10% HP) [potion of
                  | mutation]
 81913 | Zot:5    | Gained mutation: You sometimes lose the ability to read
                  | scrolls when taking damage. [potion of mutation]
 81914 | Zot:5    | Lost mutation: You occasionally shout uncontrollably at
                  | your foes. [potion of mutation]
 81914 | Zot:5    | Lost mutation: Your magical capacity is very low. (-20% MP)
                  | [potion of mutation]
 81914 | Zot:5    | Gained mutation: You are clumsy. (Dex -2) [potion of
                  | mutation]
 81914 | Zot:5    | Gained mutation: You have a beak for a mouth. [potion of
                  | mutation]
 81914 | Zot:5    | Gained mutation: You are somewhat resistant to further
                  | mutation. [potion of mutation]
 81915 | Zot:5    | Lost mutation: You are clumsy. (Dex -2) [potion of
                  | mutation]
 81915 | Zot:5    | Lost mutation: You are somewhat resistant to further
                  | mutation. [potion of mutation]
 81915 | Zot:5    | Lost mutation: You are weak. (Str -2) [potion of mutation]
 81915 | Zot:5    | Lost mutation: You have large cloven feet. [potion of
                  | mutation]
 81915 | Zot:5    | Lost mutation: Your magical capacity is low. (-10% MP)
                  | [potion of mutation]
 81915 | Zot:5    | Gained mutation: You have a pair of large horns on your
                  | head. [potion of mutation]
 81915 | Zot:5    | Gained mutation: You are agile. (Dex +2) [potion of
                  | mutation]
 82391 | Zot:5    | Received a gift from Okawaru
 82575 | Zot:5    | Lost mutation: You sometimes lose the ability to read
                  | scrolls when taking damage. [potion of mutation]
 82575 | Zot:5    | Lost mutation: You have a pair of large horns on your head.
                  | [potion of mutation]
 82575 | Zot:5    | Lost mutation: Armour fits poorly on your strangely shaped
                  | body. [potion of mutation]
 82575 | Zot:5    | Gained mutation: You are partially covered in iridescent
                  | scales. (AC +2) [potion of mutation]
 82575 | Zot:5    | Lost mutation: You are agile. (Dex +2) [potion of mutation]
 82742 | Zot:5    | Noticed a dread lich
 82761 | Zot:5    | Paralysed by something for 3 turns
 82768 | Zot:5    | Killed a dread lich
 82915 | Zot:5    | Noticed a dread lich
 82937 | Zot:5    | Killed a dread lich
 82937 | Zot:5    | Received a gift from Okawaru
 83385 | Zot:5    | Got the Orb of Zot
 83444 | Zot:4    | Noticed Werusit the pandemonium lord
 83505 | Zot:1    | Noticed a seraph
 83510 | Zot:1    | Identified the +8 tower shield of the Sturgeon {+Blink rF+
                  | Dex-4}
 83748 | Depths:1 | Received a gift from Okawaru
 83896 | D:11     | Reached skill level 27 in Fighting
 83968 | D:8      | Noticed Qonyic the pandemonium lord
 84018 | D:6      | Noticed Nisk the pandemonium lord
 84018 | D:6      | Noticed an ancient lich
 84120 | D:$      | Escaped with the Orb!

Illustrated notes

Levels and vault maps discovered:
D:1:      minmay_arrival_four_houses, layout_basic,
          dreamdust_ecumenical_altar_angels_and_demons,
          minmay_stone_trees_small, minmay_pentomino_u2
D:2:      layout_loops_ring, basic_altar, lemuel_old_faithful
D:3:      due_chaos_kobolds, layout_loops_corners,
          grunt_temple_overflow_cloverleaf, kennysheep_okawaru_gauntlet,
          lightli_temple_of_fire, chequers_hall_statues_corner_a,
          guppyfry_early_lair_pool
D:4:      minmay_wonky_spiral, layout_cave_pools, serial_column_ruins,
          column_ruins_temple_hall, column_ruins_grid_1,
          column_ruins_corridor_straight, column_ruins_columns_straight,
          column_ruins_open_tiny, column_ruins_open_small, serial_shops, shop,
          minmay_goblin_outpost
D:5:      layout_basic, mainiacjoe_overflow_concentric_impassable,
          ashenzari_conservatory_becter, minmay_temple_entry_enclosed_plants
D:6:      layout_cave_pools, serial_glass, glass_columns_a, glass_columns_a,
          glass_columns_a, glass_columns_a, glass_columns_a
D:7:      layout_loops_corners
D:8:      layout_cave_pools, nicolae_gozag_zags_fifth_avenue,
          serial_bayou_pond_a, hangedman_abyss_or_decor_stagger, eino_curves_01
D:9:      layout_roguey, nicolae_tso_swordbearing_angel, serial_shops, shop,
          nicolae_diamond_shop, shop, nicolae_square_shop,
          nicolae_take_the_stairs
D:10:     layout_loops_ring
D:11:     layout_gridville, lair_entry_dummy, zombieorc2_lemuel
D:12:     layout_roguey, ebering_ghost_funeral_grove, minmay_misc_feat_columns,
          dk_vineyard_1, makhleb_altar_promises_db
D:13:     layout_roguey, enter_bailey_3, serial_shops, nicolae_shop_trees,
          kiku_gazebo_pond_becter, uniq_kirke, uniq_sonja
D:14:     layout_gridville, lightli_vaults_fourway_checkpoint,
          minmay_misc_feat_room, kennysheep_generic_room_2
D:15:     grunt_enter_depths_snipers, layout_loops_corners, serial_bayou_pond_e
Lair:1:   layout_misc_corridors, minmay_lair_oklob_chamber
Lair:2:   layout_chaotic_city, serial_forest, infiniplex_forest_straight_1,
          infiniplex_forest_lined_3_way, infiniplex_forest_straight_3,
          infiniplex_forest_lined_room_, infiniplex_forest_zigzag_1,
          infiniplex_forest_clump_double
Lair:3:   layout_gridlike, portal_ice_cave_entry_pillars_1,
          infiniplex_staircase_pool_2
Lair:4:   layout_misc_corridors, minmay_shoals_entry_hut, gammafunk_ghost_arena,
          grunt_megastairs_2, infiniplex_staircase_pool, uniq_snorg
Lair:5:   layout_regular_city, minmay_slime_entry_oklob_enclosed,
          nicolae_lair_yak_garden, serial_bayou_shore_a
Lair:6:   gammafunk_lair_ancient_temple, layout_regular_city,
          chequers_serial_rivers_large_a, lemuel_oklob_altar, lemuel_fruit_tree,
          uniq_rupert, uniq_nessos
Shoals:1: layout_shoals, nicolae_shoals_enchanted_isle, uniq_nikola
Shoals:2: layout_shoals, wheals_shoals_ruined_temple
Shoals:3: layout_shoals
Shoals:4: shoals_end_grunt_garden, layout_shoals
Snake:1:  layout_basic, basic_altar, minmay_shop_star, uniq_agnes
Snake:2:  layout_misc_corridors, serial_bayou_lake_a, uniq_vashnia
Snake:3:  layout_cave_town, st_stairs_12
Snake:4:  minmay_snake_end_coiled, layout_cave_town,
          nicolae_snake_salamander_zone, uniq_mara, uniq_donald, uniq_saint_roka
Orc:1:    layout_diamond_mine, serial_shops, nicolae_shop_behind_doors,
          uniq_erolcha
Orc:2:    grunt_orc_community_town_hall, layout_diamond_mine,
          grunt_orc_community_big_house_2, grunt_orc_community_big_house_2,
          grunt_orc_community_house_3, grunt_orc_community_house_2,
          grunt_orc_community_house_3, grunt_orc_community_house_3,
          serial_shops, shop, nicolae_orc_bridge_out, statue_in_the_mist_lemuel,
          uniq_josephine
Elf:1:    nicolae_elf_arrival_fired_up, layout_geoelf_diagonals,
          hangedman_corner_corridor
Elf:2:    elven_hall_of_blades_hangedman_original
          [nicolae_blade_entry_pointy_end], layout_geoelf_grid, uniq_roxanne,
          uniq_louise
Elf:3:    minmay_elf_hall_circle, layout_onion_city, serial_shops, shop
Vaults:1: v_misc_9, hangedman_vaults_locks, vaults_room_mumra_shop_pool,
          nicolae_vaults_network_barrier, vaults_dpeg_ring,
          grunt_vaults_hallway_short, layout_vaults_chaotic_city, serial_shops,
          shop_fountains
Vaults:2: minmay_crypt_entry_nasty_monster, v_misc_17, layout_vaults_omnigrid,
          serial_shops, shop, shop, shop
Vaults:3: grunt_vaults_swirl, vaults_dpeg_encased_lava, ontoclasm_vaults_idyll,
          nicolae_vaults_little_squares_6, vaults_room_fours,
          nicolae_vaults_three_branches, vaults_standard_mumra_x,
          nicolae_vaults_diagonal_hallway_6, vaults_room_boxed, v_alt_pattern_6,
          ontoclasm_vaults_claustrophobia, layout_vaults_ring, serial_shops,
          shop
Vaults:4: nicolae_vaults_disjoint_gnomons, nicolae_vaults_yaktaur_gun_rack,
          grunt_vaults_funneled_arena, ontoclasm_vaults_eye,
          nicolae_vaults_hallways_thing, v_misc_2, grunt_vaults_funnel,
          ontoclasm_vaults_tryst, vaults_room_semicircle,
          layout_vaults_maze_snakey, uniq_frederick
Vaults:5: serial_shops
Depths:1: layout_cave_shapes, serial_shops, nicolae_square_shop,
          elyvilon_altar_5, pf_hell_entry_tar_spiral, abyss_entry,
          nicolae_shop_overcharged_wands, grunt_megastairs_3, minmay_shoptagon,
          serial_bayou_shore_b
Depths:2: grunt_runaround [grunt_runaround_doors_1, grunt_runaround_doors_2,
          grunt_runaround_doors_3, grunt_runaround_doors_4,
          grunt_runaround_loot], serial_shops, hell_entry
Depths:3: minmay_the_grid_plus [minmay_the_grid_mess,
          minmay_the_grid_pillar_ring, minmay_the_grid_embedded,
          minmay_the_grid_minigrid_small, minmay_the_grid_prize_diamond_cup],
          layout_small_grid, serial_shops, shop, rand_demon_pan_entry_8,
          hell_entry, grunt_qazlal_clouds, zin_statuary, uniq_mennas,
          uniq_margery
Depths:4: evilmike_cross, layout_gridlike, abyss_entry,
          chequers_hall_statues_wall_a, hell_entry, uniq_jory, uniq_enchantress
Depths:5: evilmike_zot_entry_hall, layout_gridville, enter_ziggurat_d, hex_tiny,
          grunt_hell_entry_dis_mu, serial_shops, shop, rand_demon_pan_entry_4
Zot:1:    regret_index_qazlal_generations, layout_twisted_circle, drop_trap
Zot:2:    circus_mu, layout_basic, uniq_tiamat
Zot:3:    layout_basic
Zot:4:    nicolae_zot_stationary_front, layout_onion_interference
Zot:5:    layout_misc_corridors, st_stairs_5, hangedman_zot_diagonal_lockstep,
          hangedman_zot_decor_scrapings

Skill      XL: |  1  2  3  4  5  6  7  8  9 10 11 12 13 14 15 16 17 18 19 20 21 22 23 24 25 26 27 |
---------------+----------------------------------------------------------------------------------+-----
Fighting       | 3 4 5 6 7 9 10 12 13 14 15 16 17 18 19 20 21 22 23 24 27 | 27.0
Dodging        | 2 10 14 | 14.2
Armour         | 1 2 3 5 7 8 10 11 12 13 14 15 17 18 19 20 21 22 23 24 26 | 26.9
Throwing       | 3 4 5 6 7 9 10 11 12 13 14 15 16 17 18 19 21 23 | 23.9
Shields        | 2 3 4 6 8 9 10 11 13 14 16 17 18 20 21 22 25 | 25.0
Axes           | 2 3 4 6 8 9 11 12 13 14 15 16 17 18 | 18.0
Invocations    | 1 2 3 4 5 6 8 9 10 11 13 | 13.9
Evocations     | 3 |  3.4
Short Blades   | |  2.7
Stealth        | |  3.2

Action                   |  1- 3 |  4- 6 |  7- 9 | 10-12 | 13-15 | 16-18 | 19-21 | 22-24 | 25-27 || total
-------------------------+-------+-------+-------+-------+-------+-------+-------+-------+-------++-------
Melee: Dagger            |    12 |       |       |       |       |       |       |       |       ||    12
       Headbutt          |    14 |    20 |    36 |   133 |   188 |   153 |   366 |   311 |   540 ||  1761
       Short sword       |    79 |    52 |       |       |       |       |       |       |       ||   131
       War axe           |       |   107 |   183 |   613 |   367 |       |       |       |       ||  1270
       Broad axe         |       |       |       |       |   503 |   778 |  1464 |  1381 |  2074 ||  6200
       Peck              |       |       |       |       |       |       |       |       |    61 ||    61
Throw: Dart              |    15 |    33 |    29 |    84 |    79 |     8 |       |       |       ||   248
       Boomerang         |       |       |    24 |    11 |     1 |   362 |   207 |     8 |     5 ||   618
       Javelin           |       |       |       |    22 |    65 |    15 |    51 |   195 |   142 ||   490
Invok: Heroism           |       |       |     6 |    18 |    22 |    33 |    31 |    35 |    48 ||   193
       Finesse           |       |       |       |     4 |     5 |     8 |     9 |    15 |    16 ||    57
 Abil: Evoke Blink       |       |       |       |       |       |       |       |       |     6 ||     6
Evoke: Wand              |       |       |     4 |     2 |     7 |     2 |     1 |     3 |       ||    19
  Use: Scroll            |       |     6 |     5 |    15 |     9 |    14 |    10 |     8 |    27 ||    94
       Potion            |       |     1 |       |       |     6 |     5 |     4 |     6 |    20 ||    42
 Stab: Invisible         |       |       |       |     2 |       |       |       |       |       ||     2
       Petrified         |       |       |       |       |     1 |       |       |       |       ||     1
       Held in net/web   |       |       |       |       |       |     1 |       |       |       ||     1
       Distracted        |       |       |       |       |       |       |     1 |       |     1 ||     2
Armor: Robe              |    11 |       |       |       |       |       |       |       |       ||    11
       Ring mail         |    15 |     2 |       |       |       |       |       |       |       ||    17
       Chain mail        |       |   103 |    98 |   183 |    21 |   395 |   386 |   240 |       ||  1426
       Plate armour      |       |       |       |    38 |   325 |       |       |       |       ||   363
       Gold dragon scale |       |       |       |       |       |       |       |   131 |   719 ||   850
Dodge: Dodged            |    47 |    46 |    58 |   238 |   175 |   242 |   272 |   183 |   287 ||  1548
Block: Kite shield       |       |    67 |   110 |   107 |       |       |       |       |       ||   284
       Buckler           |       |       |       |   184 |   529 |   343 |       |     1 |       ||  1057
       Reflection        |       |       |       |       |    18 |   139 |   152 |   111 |    37 ||   457
       Tower shield      |       |       |       |       |       |   411 |  1618 |  1328 |  1975 ||  5332
